 Dungeon Crawl Stone Soup version 0.18-a0-1562-gac8da35 (webtiles) character file.

119 dvd the Slinger (level 5, -5/34 HPs)
             Began as a Halfling Hunter on Mar 13, 2016.
             Killed from afar by Sigmund (10 damage)
             ... with a puff of flame
             ... on level 2 of the Dungeon.
             The game lasted 00:06:26 (2317 turns).

dvd the Slinger (Halfling Hunter)                   Turns: 2317, Time: 00:06:26

Health: -5/34      AC:  3    Str: 13    XL:     5   Next: 24%
Magic:  5/5        EV: 14    Int: 10    God:
Gold:   65         SH:  4    Dex: 15    Spells: 0 memorised, 4 levels left

rFire  . . .     SeeInvis .     a - +1 hunting sling
rCold  . . .     Gourm    .     c - +0 leather armour
rNeg   . . .     Faith    .     w - +0 buckler
rPois  .         Spirit   .     (no helmet)
rElec  .         Dismiss  .     (no cloak)
rCorr  .         Reflect  .     (no gloves)
SustAt .         Harm     .     (no boots)
MR     .....                    (no amulet)
Stlth  ++........               (no ring)
                                (no ring)

@: not resistant to hostile enchantments, unstealthy
A: mutation resistance 1
a: no special abilities


You were on level 2 of the Dungeon.
You were not hungry.

You visited 1 branch of the dungeon, and saw 2 of its levels.

You collected 65 gold pieces.

Inventory:

Hand Weapons
 a - a +1 hunting sling (weapon)
 b - a +1 short sword of freezing
Missiles
 d - 26 sling bullets (quivered)
 e - 47 stones
 p - 11 tomahawks
Armour
 c - a +0 leather armour (worn)
 w - a +0 buckler (worn)
Jewellery
 t - an uncursed amulet of faith
Scrolls
 g - 4 scrolls of identify {unknown}
 h - 7 scrolls of remove curse {unknown}
 i - 2 scrolls of teleportation {unknown}
 l - a scroll of recharging {unknown}
 n - a scroll of noise {unknown}
 v - a scroll of blinking {unknown}
Potions
 k - a potion of brilliance {unknown}
 m - a potion of haste {unknown}
 o - a potion of invisibility {unknown}
 q - 2 potions of heal wounds {unknown}
 s - a potion of curing {unknown}
Comestibles
 f - a bread ration
 j - a royal jelly
 r - a chunk of flesh
 u - a beef jerky


   Skills:
 + Level 2.0 Fighting
 + Level 8.1(8.2) Slings
 + Level 0.2(3.7) Throwing
 + Level 1.4 Armour
 + Level 2.5 Dodging
 + Level 1.2 Stealth


You had 4 spell levels left.
You didn't know any spells.

Dungeon Overview and Level Annotations

Branches:
Dungeon (2/15)

Altars:
Zin

Annotations:
D:2 Sigmund


Innate Abilities, Weirdness & Mutations

You are small and have problems with some larger weapons.
You are somewhat resistant to further mutation.


Message History

Firing (i - inventory. (,) - cycle):
d - 28 sling bullets (quivered)
Press: ? - help, Shift-Dir - straight line, f/p - Sigmund
Aim: Sigmund, wielding a scythe of slicing and wearing a robe (lightly wounded)
You shoot a sling bullet. The sling bullet hits Sigmund.
Sigmund is moderately wounded.
Sigmund breathes a few words.
Sigmund's hands start flickering wildly.
Firing (i - inventory. (,) - cycle):
d - 27 sling bullets (quivered)
Press: ? - help, Shift-Dir - straight line, f/p - Sigmund
Aim: Sigmund, wielding a scythe of slicing and wearing a robe (moderately wounded)
You shoot a sling bullet. The sling bullet barely misses Sigmund.
Sigmund is suddenly surrounded by pale green light.
Sigmund gestures at you while chanting. The puff of flame hits you!
* * * LOW HITPOINT WARNING * * *
Sigmund gestures at you while chanting. You resist with some effort.
Sigmund casts a spell at you. The puff of flame hits you!
You die...

#####..............##########
#......>.....................
#.###..............##########
#.#....)...........##.....#..
#.#..........................
#.#................##.....#..
#.###.........#######.....#..
#.############# #.....#..
#...........@########.....#..
#..#......................#..
#..#.#######..............#..
#..#.# #.........######..
#..#.# #.........# ### #..#.#
#.......@.# ####
#..#.###############.# #...
#..#.#...........# #.# #...
#..#.#.........#.# #.# #...


You could see Sigmund.

Vanquished Creatures
  Ijyb (D:2)
  3 gnolls (D:2)
  4 adders
  2 giant geckos (D:2)
  A giant cockroach (D:1)
  2 goblins (D:2)
  3 hobgoblins
  2 jackals (D:1)
  2 kobolds (D:1)
  4 bats
  2 giant newts (D:1)
  3 rats (D:1)
29 creatures vanquished.

Vanquished Creatures (others)
  4 toadstools (D:1)
4 creatures vanquished.

Grand Total: 33 creatures vanquished

Notes
Turn   | Place    | Note
--------------------------------------------------------------
     0 | D:1      | dvd the Halfling Hunter began the quest for the Orb.
     0 | D:1      | Reached XP level 1. HP: 14/14 MP: 1/1
   107 | D:1      | Reached skill level 6 in Slings
   250 | D:1      | Reached XP level 2. HP: 19/19 MP: 2/2
   385 | D:1      | Reached XP level 3. HP: 24/24 MP: 3/3
   872 | D:2      | Reached skill level 7 in Slings
   990 | D:2      | Reached XP level 4. HP: 20/29 MP: 4/4
  1088 | D:2      | Noticed Ijyb
  1106 | D:2      | Killed Ijyb
  1106 | D:2      | Reached skill level 1 in Armour
  1130 | D:2      | Reached skill level 8 in Slings
  1157 | D:2      | Found a glowing silver altar of Zin.
  1221 | D:2      | Noticed Sigmund
  1881 | D:2      | Reached XP level 5. HP: 34/34 MP: 5/5
  2317 | D:2      | Killed from afar by Sigmund

Vault maps used:
D:1:      ldierk_walled_garden_2
D:2:      zin_statuary, minmay_door_square, uniq_crazy_yiuf_cottage,
          uniq_sigmund, uniq_iyjb

Skill      XL: |  1  2  3  4 |
---------------+-------------+-----
Slings         | 6 7 8 |  8.1
Fighting       | 2 |  2.0
Armour         | 1 |  1.4
Throwing       | |  0.2
Dodging        | |  2.5
Stealth        | |  1.2

Action                   |  1- 3 |  4- 6 || total
-------------------------+-------+-------++-------
Melee: Short sword       |       |    27 ||    27
 Fire: Hunting sling     |    48 |    43 ||    91
Throw: Stone             |     1 |       ||     1
  Eat: Bread ration      |       |     1 ||     1
       Chunk             |       |     1 ||     1
